Map: Beckett Industries LE

Players

QuantumNoobs

  • Race: Terran Terran
  • League: Diamond

loser - Winner!

  • Race: Zerg Zerg
  • League: Diamond

VOD

Have the link to the VOD?

Description

Time

  • Played on: Sept. 20, 2021, 7:18 p.m.
  • Length: 3:48
Show
View Real Time Build Order
Export as new Build Order

QuantumNoobs Terran 

Build Orders: Command Center First (CC) 

Get SALT Encoding   

  12  0:00  SCV  
  13  0:12  SCV  
  14  0:18  Supply Depot  
  14  0:24  SCV  
  15  0:39  SCV  
  16  0:51  SCV  
  17  1:04  Command Center  
  17  1:08  SCV  
  18  1:20  SCV  
  18  1:23  Barracks  
  19  1:32  SCV, Refinery  
  20  1:38  Refinery  
  20  1:46  SCV  
  20  1:58  SCV  
  20  2:00  Supply Depot  
  21  2:11  Marine  
  21  2:14  Barracks  
  22  2:23  Orbital Command  
  22  2:29  Barracks Reactor  
  22  2:40  Factory  
  22  2:49  Orbital Command  
  22  2:58  SCV  
  23  3:01  Barracks Tech Lab  
  23  3:04  Barracks  
  23  3:11  SCV  
  24  3:17  Barracks Tech Lab  
  24  3:23  Barracks  
Show
View Real Time Build Order
Export as new Build Order

loser Zerg - Winner!

Build Orders: 1 Base Baneling Bust, Pool Only, Zergling Baneling 

Get SALT Encoding   

  12  0:01  Extractor  
  11  0:14  Drone x2  
  13  0:32  Spawning Pool  
  12  0:37  Drone  
  13  0:43  Drone  
  14  0:53  Overlord  
  14  1:19  Zergling x4  
  14  1:20  Queen  
  18  1:26  Metabolic Boost  
  18  1:46  Zergling x6  
  21  1:58  Zergling x2  
  22  2:01  Baneling Nest  
  21  2:22  Overlord  
  21  2:26  Zergling x2  
  22  2:40  Zergling x6  
  25  2:51  Baneling x4  
  25  2:53  Baneling  
  25  2:54  Baneling x4  
  25  2:55  Baneling  
  25  3:08  Zergling x6  
  25  3:10  Zergling x2  
  29  3:13  Baneling  
  29  3:23  Baneling x2  
Tags
 
Add a new tag
Caveats
  • Supply blocks, unpowered buildings, or Contaminate may cause inaccurate times.
  • Supply counts are checked every 10 seconds.